 Dungeon Sprint DCSS version 0.14-a0-2723-gdc5d926 (webtiles) character file.

9 BluebellGnoll the Sneak (level 2, 13/13 HPs)
             Began as a Spriggan Enchanter on Feb 19, 2014.
             Was an Initiate of Vehumet.
             Quit the game in the Dungeon (Sprint IX: "|||||||||||||||||||||||||||||").
             The game lasted 00:00:55 (224 turns).

BluebellGnoll the Sneak (Spriggan Enchanter)         Turns: 224, Time: 00:00:55

HP  13/13        AC  3     Str  4      XL: 2   Next:  6%
MP   7/7         EV 18     Int 16      God: Vehumet [......]
Gold 0           SH  0     Dex 16      Spells:  2 memorised,  3 levels left

rFire  . . .     SeeInvis +     a - +1 dagger
rCold  . . .     Clarity  .     b - +1 robe
rNeg   . . .     Conserve .     (shield restricted)
rPois  .         rCorr    .     (helmet restricted)
rElec  .         rRot     .     (no cloak)
SustAb . .       Spirit   .     (gloves unavailable)
rMut   .         Warding  .     (boots unavailable)
Saprov . . .     NoTele   +     (no amulet)
MR     .....                    (no ring)
                                (no ring)

@: very quick, not resistant to hostile enchantments, very stealthy
A: unfitting armour, see invisible, herbivore 3, speed 3, slow metabolism 2
a: Renounce Religion


You were in the Dungeon.
You worshipped Vehumet.
Vehumet was noncommittal.
You were not hungry.

You visited 1 branch

Inventory:

Hand weapons
 a - a +1,+1 dagger (weapon)
Missiles
 d - 12 darts (quivered)
Armour
 b - a +1 robe (worn)
Magical devices
 o - a wand of draining (7)
Scrolls
 k - 2 scrolls of blinking
 m - 3 scrolls of remove curse
 n - 2 scrolls of amnesia
Jewellery
 p - a +2 ring of evasion
 q - a +2 ring of evasion
Potions
 e - a potion of porridge
 f - 5 potions of curing
 g - 3 potions of heal wounds
 h - a potion of speed
 i - 4 potions of magic
 j - a potion of berserk rage
 l - a potion of invisibility
Books
 c - a book of Maledictions

   Spells                             Type                      Level
   *Corona                            Hexes                        1
   Sure Blade                         Hexes/Charms                 2
   *Ensorcelled Hibernation           Hexes/Ice                    2
   Confuse                            Hexes                        3
   Enslavement                        Hexes                        4
   Invisibility                       Hexes                        6


   Skills:
 - Level 1.1 Short Blades
 - Level 1.1 Throwing
 - Level 3.0 Dodging
 + Level 7.2 Stealth
 - Level 2.6 Spellcasting
 - Level 3.6 Hexes


You had 3 spell levels left.
You knew the following spells:

 Your Spells              Type           Power        Failure   Level  Hunger
a - Corona                Hex            ##.....      6%          1    #......
b - Ensorcelled Hibernat  Hex/Ice        #.....       17%         2    ##.....


Dungeon Overview and Level Annotations

Branches:
Dungeon (1/1)

Altars:
Ashenzari
Cheibriados
Dithmenos
Elyvilon
Fedhas
Kikubaaqudgha
Makhleb
Nemelex Xobeh
Okawaru
Sif Muna
Trog
Vehumet
Xom
Yredelemnul
Zin
The Shining One


Innate Abilities, Weirdness & Mutations

You are tiny and cannot use many weapons and most armour.
You have supernaturally acute eyesight.
You are a herbivore.
You cover ground extremely quickly.
You need consume almost no food.


Message History

Found a +2 ring of evasion.
i - 4 potions of magic (gained 2);
l - a potion of invisibility
g - 3 potions of heal wounds (gained 2);
f - 5 potions of curing (gained 4)
m - 3 scrolls of remove curse;
n - 2 scrolls of amnesia
k - 2 scrolls of blinking (gained 1)
o - a wand of draining (7)
You see here an uncursed staff of energy.
Items here: ))))))
You see here a +0 orcish cloak.
You see here a +0 pair of boots.
You see here a +1 elven scale mail.
p - a +2 ring of evasion
q - a +2 ring of evasion You open the door.
A water moccasin, a jelly, 2 worker ants, a kobold and a troll come into view.
The troll shouts!
The worker ant twitches its antennae in your direction.
The water moccasin hisses angrily.
The jelly quivers.
Are you sure you want to abandon this character and quit the game? (Confirm with "yes".)

▓.▓
▓.▓
▓|▓
▓)▓
▓[▓
▓[▓
▓[▓
▓.▓
▓@▓
▓a▓
▓T▓
▓a▓
▓.▓
▓K▓
▓S▓
▓J▓
▓+▓


You could see a troll, a water moccasin, a jelly, 2 worker ants and a kobold.

Vanquished Creatures
  A bat skeleton (D)
  2 hobgoblins (D)
  3 kobolds (D)
  A goblin (D)
  A quokka zombie (D)
  A rat (D)
  A rat zombie (D)
10 creatures vanquished.

Notes
Turn   | Place    | Note
--------------------------------------------------------------
     0 | D        | BluebellGnoll, the Spriggan Enchanter, began the quest for the Orb.
     0 | D        | Reached XP level 1. HP: 9/9 MP: 4/4
     9 | D        | Reached skill level 4 in Stealth
    14 | D        | Reached skill level 5 in Stealth
    25 | D        | Reached skill level 6 in Stealth
   166 | D        | Reached XP level 2. HP: 13/13 MP: 7/7
   170 | D        | Reached skill level 7 in Stealth
   182 | D        | Learned a level 2 spell: Ensorcelled Hibernation
   186 | D        | Found an ancient bone altar of Kikubaaqudgha.
   186 | D        | Found a glowing silver altar of Zin.
   186 | D        | Found a white marble altar of Elyvilon.
   186 | D        | Found a shadowy altar of Dithmenos.
   186 | D        | Found a radiant altar of Vehumet.
   186 | D        | Found a snail-covered altar of Cheibriados.
   186 | D        | Found a sparkling altar of Nemelex Xobeh.
   187 | D        | Found an iron altar of Okawaru.
   188 | D        | Found a burning altar of Makhleb.
   189 | D        | Found a blossoming altar of Fedhas.
   190 | D        | Found a bloodstained altar of Trog.
   191 | D        | Found a basalt altar of Yredelemnul.
   192 | D        | Found a shimmering altar of Xom.
   193 | D        | Became a worshipper of Vehumet
   194 | D        | Found a glowing golden altar of the Shining One.
   195 | D        | Found a shattered altar of Ashenzari.
   196 | D        | Found a deep blue altar of Sif Muna.
   197 | D        | Found a shimmering altar of Xom.
   198 | D        | Found an ancient bone altar of Kikubaaqudgha.
   223 | D        | Noticed a worker ant
   223 | D        | Noticed a troll
   223 | D        | Noticed a worker ant
   223 | D        | Noticed a water moccasin
   223 | D        | Noticed a jelly
   224 | D        | Quit the game

Action                   || total
-------------------------++-------
Melee: Dagger            ||    39
